 Dungeon Crawl Stone Soup version 0.30-a0-778-g2ef04afb54 (webtiles) character file.

Game seed: 13708836096545488770

865 Orangeyouglad the Sneak (level 7, -3/44 HPs)
             Began as a Vampire Gladiator on Feb 15, 2023.
             Slain by Edmund
             ... wielding a +2 dire flail of holy wrath
              (15 damage)
             ... on level 6 of the Dungeon.
             The game lasted 00:19:26 (5663 turns).

Orangeyouglad the Sneak (Vampire Gladiator)         Turns: 5663, Time: 00:19:27

Health: -3/44      AC:  0    Str: 13 (15) XL:     7   Next: 72%
Magic:  5/7        EV: 23    Int:  9 (11) God:
Gold:   1440       SH:  0    Dex: 18 (20) Spells: 3/6 levels left

rFire   . . .      SeeInvis +      - Unarmed
rCold   + + .      Faith    .    (shield currently unavailable)
rNeg    + + +      Spirit   .    (body armour currently unavailable)
rPois   ∞          Reflect  .    (helmet currently unavailable)
rElec   .          Harm     .    (cloak currently unavailable)
rCorr   .          Rampage  .    (gloves currently unavailable)
Will    .....                    (boots currently unavailable)
Stlth   +++++                    (no amulet)
HPRegen 0.00/turn                (ring currently unavailable)
MPRegen 0.10/turn                (ring currently unavailable)

@: bat-form, flying, bloodless, inhibited regen, studying Fighting, very quick
A: fast, flying, no casting, tiny, bloodless, fangs 3, see invisible, vampiric 2
a: Revivify, End Transformation


You were on level 6 of the Dungeon.
You were a vampire bat.
You visited 1 branch of the dungeon, and saw 6 of its levels.

You collected 2237 gold pieces.
You spent 797 gold pieces at shops.

Inventory:

Armour
 a - a +2 robe of cold resistance (melded)
 b - a +0 helmet (melded)
 n - a +0 pair of boots (melded)
 A - a +0 ring mail
Magical Staves
 g - a staff of death
 w - a staff of conjuration
Jewellery
 j - a ring of magical power (melded)
 o - a ring of ice
 p - a ring of fire
Wands
 s - a wand of flame (16) (quivered)
Scrolls
 c - 2 scrolls of immolation {unknown}
 d - a scroll of enchant armour
 e - a scroll of vulnerability
 f - a scroll of amnesia {unknown}
 i - a scroll of brand weapon {unknown}
 m - a scroll of blinking {unknown}
 q - 2 scrolls of teleportation
 t - 2 scrolls of enchant weapon
 x - a scroll of noise {unknown}
 D - a scroll of fog {unknown}
 F - a scroll of fear
Potions
 h - 3 potions of curing
 k - 2 potions of berserk rage {unknown}
 l - 2 potions of mutation {unknown}
 r - a potion of cancellation {unknown}
 v - 2 potions of lignification {unknown}
 z - 3 potions of flight {unknown}
 B - a potion of haste {unknown}
 C - a potion of heal wounds {unknown}
 E - a potion of attraction {unknown}


   Skills:
 + Level 4.7 Fighting
 - Level 1.5 Throwing
 + Level 5.6 Dodging
 + Level 6.4 Stealth
 + Level 5.7 Unarmed Combat
 + Level 3.0 Hexes


You had 3 spell levels left.
You knew the following spells:

 Your Spells              Type           Power      Damage    Failure   Level
a - Confusing Touch       Hex            5%         N/A       34%         3

Your spell library contained the following spells:

 Spells                   Type           Power      Damage    Failure   Level
 Kiss of Death            Conj/Necr      0%         2d5       38%         1
 Dispel Undead            Necr           0%         3d6       99%         4
 Petrify                  Tmut/Erth      0%         N/A       99%         4
 Metabolic Englaciation   Hex/Ice        1%         N/A       99%         5
 Freezing Cloud           Conj/Ice/Air   0%         6-21      100%        5
 Simulacrum               Ice/Necr       0%         N/A       100%        6
 Statue Form              Tmut/Erth      0%         N/A       100%        6
 Polar Vortex             Ice            0%         N/A       100%        9


Dungeon Overview and Level Annotations

Branches:
Dungeon (6/15)
 Temple: D:4-7

Altars:

Shops:
D:5 *?([:

Annotations:
D:5 3 runed translucent doors, Lobster4's ghost, novice GrEE
D:6 Edmund


Innate Abilities, Weirdness & Mutations

You are a vampire bat.
You are tiny and dextrous.
You move quickly.
You are flying.
You are immune to poison.
Your equipment is almost entirely melded.
You are incapable of wielding weapons or throwing items.
You cannot cast spells.
You do not regenerate when monsters are visible.
You are frail without blood (-20% HP).
You can heal yourself when you bite living creatures.
You are immune to poison.
You have razor-sharp teeth.
You have supernaturally acute eyesight. (SInv)
You are afflicted with vampirism and can become a bat while bloodless.


Message History

Throw: dart (poison)
Press: ? - help, Q - select action, (/) - cycle Shift-Dir - straight line, f/p - Edmund
Aim: Edmund, wielding a +2 dire flail of holy wrath and wearing a +0 ring mail (lightly wounded, poisoned, 64% to hit)
You throw a poisoned dart. The poisoned dart barely misses Edmund.
Aiming: Throw Flame
Press: ? - help, Q - select action Shift-Dir - straight line, f/p - Edmund
Aim: Edmund, wielding a +2 dire flail of holy wrath and wearing a +0 ring mail (lightly wounded, poisoned, 72% to hit)
The puff of flame hits Edmund.
Edmund is lightly wounded.
Aiming: Throw Flame
Press: ? - help, Q - select action Shift-Dir - straight line, f/p - Edmund
Aim: Edmund, wielding a +2 dire flail of holy wrath and wearing a +0 ring mail (lightly wounded, poisoned, 72% to hit)
The puff of flame hits Edmund.
Edmund is moderately wounded.
You hit Edmund.
Edmund is moderately wounded.
Edmund barely misses you.
You hit Edmund.
Edmund is moderately wounded.
Edmund hits you with a +2 dire flail of holy wrath.
You convulse.
You barely miss Edmund. Your punch misses Edmund.
Edmund is moderately wounded.
Edmund looks more healthy.
You hit Edmund. You bite Edmund, but do no damage.
Edmund is heavily wounded.
Edmund barely misses you.
You hit Edmund.
Edmund is severely wounded.
Edmund hits you with a +2 dire flail of holy wrath!
You convulse!
* * * LOW HITPOINT WARNING * * *
You turn into a vampire bat.
Your +0 helmet melds into your body.
Your +0 pair of boots melds into your body.
Your +2 robe of cold resistance melds into your body.
Your ring of magical power melds into your body.
You feel less resistant to cold.
You feel your magic capacity decrease.
You feel weakened.
You feel dopey.
You feel clumsy.
Edmund hits you with a +2 dire flail of holy wrath!
You die...

#.###......
#..........
######...........
...<......((.....
######>.........###
#.......((...
#.).(.......#
#.....(.....#
#####@#####@b###
...#.# #....##
#...# #.##.<# #..#
#..##.# #..##
##..#.#### #...##
##.#....#
###.#..#####..# #
#...##.†..###.#
#.#######.# #.#


You could see Edmund.

Vanquished Creatures
  A black bear (D:4)
  3 ogres
  A phantom (D:5)
  A scorpion (D:6)
  A necrophage (D:5)
  A jelly (D:4)
  A hound (D:5)
  A gnoll bouda (D:4)
  Jessica (D:3)
  An iguana (D:5)
  8 adders
  2 ufetubi
  A dart slug (D:4)
  3 orcs
  11 ball pythons
  9 bats
  6 endoplasms
  2 giant cockroaches
  14 goblins
  6 hobgoblins
  5 jackals
  5 quokkas
  6 frilled lizards
  6 kobolds
  9 rats
105 creatures vanquished.

Vanquished Creatures (others)
  9 plants (D:2)
9 creatures vanquished.

Grand Total: 114 creatures vanquished

Notes
Turn   | Place    | Note
-------+----------+-------------------------------------------
     0 | D:1      | Orangeyouglad the Vampire Gladiator began the quest for the
                  | Orb.
     0 | D:1      | Reached XP level 1. HP: 16/16 MP: 1/1
   255 | D:1      | Reached skill level 1 in Stealth
   298 | D:1      | Found a faded altar of an unknown god.
   319 | D:1      | Reached XP level 2. HP: 22/22 MP: 2/2
   897 | D:2      | Reached skill level 2 in Stealth
   897 | D:2      | Gained mutation: You are afflicted with vampirism and can
                  | become a bat while bloodless. [Vampire growth]
   897 | D:2      | Reached XP level 3. HP: 16/27 MP: 3/3
  1717 | D:2      | Reached XP level 4. HP: 34/34 MP: 4/4
  1753 | D:2      | Reached skill level 3 in Stealth
  2739 | D:3      | Noticed Jessica
  2744 | D:3      | Killed Jessica
  2745 | D:3      | Reached XP level 5. HP: 40/40 MP: 5/5
  3142 | D:4      | Noticed a black bear
  3162 | D:4      | Killed a black bear
  3163 | D:4      | Reached skill level 4 in Stealth
  3437 | D:4      | Reached XP level 6. HP: 46/47 MP: 6/6
  3859 | D:4      | Reached skill level 5 in Stealth
  3859 | D:4      | Reached skill level 5 in Unarmed Combat
  4156 | D:4      | Identified 3 scrolls of acquirement
  4156 | D:4      | Acquired 666 gold pieces
  4165 | D:4      | Acquired 971 gold pieces
  4167 | D:4      | Acquired a manual of Fighting
  4255 | D:5      | Entered Level 5 of the Dungeon
  4271 | D:5      | Found Lulaeveo's Book Boutique.
  4279 | D:5      | Bought a book of Touch for 242 gold pieces
  4284 | D:5      | Learned a level 3 spell: Confusing Touch
  4313 | D:5      | Found Isobbyx's Antique Weapon Shop.
  4362 | D:5      | Reached skill level 5 in Dodging
  4446 | D:5      | Found Ybycwaf's Assorted Antiques.
  4449 | D:5      | Bought a scroll labelled FYFFIHAICK for 31 gold pieces
  4451 | D:5      | Bought a scroll labelled GYDIAS IMMERUM for 31 gold pieces
  4451 | D:5      | Bought a scroll labelled GYDIAS IMMERUM for 31 gold pieces
  4485 | D:5      | Reached skill level 1 in Hexes
  4485 | D:5      | Reached XP level 7. HP: 45/52 MP: 7/7
  4573 | D:5      | Noticed Lobster4's ghost (novice GrEE)
  4576 | D:5      | Noticed a yak
  4626 | D:5      | Bought a book of Sloth for 396 gold pieces
  4674 | D:5      | Found Vuyrafrore's Antique Armour Shop.
  4687 | D:5      | Reached skill level 6 in Stealth
  4772 | D:5      | Found a runed translucent gate.
  4772 | D:5      | Found a runed translucent gate.
  4772 | D:5      | Found a runed translucent gate.
  5213 | D:5      | Found Zayx's Magic Scroll Shop.
  5221 | D:5      | Bought a scroll of fear for 44 gold pieces
  5221 | D:5      | Bought a scroll of identify for 22 gold pieces
  5390 | D:6      | Noticed Edmund
  5663 | D:6      | Slain by Edmund

Illustrated notes

Levels and vault maps discovered:
D:1:      psy_arrival_statuary, layout_basic,
          chequers_ecumenical_altar_simple_redux
D:2:      layout_basic, chequers_big_river, minmay_snake_closets
D:3:      layout_basic, uniq_jessica
D:4:      minmay_polygon_palace, layout_basic
D:5:      layout_basic, gammafunk_ghost_split, serial_shops, kennysheep_mini,
          nicolae_shop_waterfront, nicolae_shop_advertising_works
          [nicolae_subvault_shop_adworks], shop, nicolae_shop_crystal,
          hangedman_decor_points
D:6:      layout_rooms, serial_glass, glass_columns_a, glass_columns_a,
          nrook_pool_corridor, uniq_edmund

Skill      XL: |  1  2  3  4  5  6  7 |
---------------+----------------------+-----
Stealth        | 1 2 3 4 5 6 |  6.4
Fighting       | 2 3 4 |  4.7
Dodging        | 4 5 |  5.6
Unarmed Combat | 4 5 |  5.7
Hexes          | 1 3 |  3.0
Throwing       | |  1.5

Action                     |  1- 3 |  4- 6 |  7- 9 || total
---------------------------+-------+-------+-------++-------
  Melee: Unarmed           |   137 |   152 |    46 ||   335
         Bite              |    12 |    15 |     4 ||    31
         Punch             |     7 |     4 |     3 ||    14
  Throw: Javelin           |     1 |     8 |       ||     9
         Boomerang         |       |    33 |       ||    33
         Throwing net      |       |     5 |       ||     5
         Dart              |       |     5 |    12 ||    17
Ability: Bat Form          |       |       |     1 ||     1
         Exsanguinate      |       |       |     1 ||     1
  Evoke: Wand              |       |     2 |     4 ||     6
    Use: Scroll            |       |     7 |     2 ||     9
   Stab: Sleeping          |     3 |     7 |     1 ||    11
         Paralysed         |       |     5 |       ||     5
 Armour: Leather armour    |    52 |     8 |       ||    60
         Ring mail         |       |     3 |       ||     3
         Robe              |       |    15 |    10 ||    25
  Dodge: Dodged            |   127 |    82 |    19 ||   228

Table legend: (Time is in decaauts)
 A = Elapsed time spent in this place.
 B = Non-inter-level travel time spent in this place.
 C = Inter-level travel time spent in this place.
 D = Time resting spent in this place.
 E = Time spent auto-exploring this place.
 F = Levels seen in this place.
 G = Mean time per level.
                   A        B        C        D        E       F      G
               +--------+--------+--------+--------+--------+-----+--------+
         Total |   5657 |   5340 |    317 |    312 |   3411 |   6 |  942.8 |
       Dungeon |   5657 |   5340 |    317 |    312 |   3411 |   6 |  942.8 |
               +--------+--------+--------+--------+--------+-----+--------+

Top non-repeatable levels by time:
     D:5: 1256 daAuts
     D:2: 1215 daAuts
     D:4: 1149 daAuts
     D:3: 1073 daAuts
     D:1: 818 daAuts
     D:6: 143 daAuts
